 Dungeon Crawl Stone Soup version 0.28-a0-1382-g92835e5c71 (webtiles) character file.

Game seed: 1903603088655900853

2107 Gargoyl the Skirmisher (level 9, -6/68 (74) HPs)
             Began as a Gnoll Abyssal Knight on Dec 26, 2021.
             Was a Priest of Lugonu.
             Mangled by a four-headed hydra (9 damage)
             ... on level 6 of the Dungeon on Jan 1, 2022.
             The game lasted 00:08:07 (7835 turns).

Gargoyl the Skirmisher (Gnoll Abyssal Knight)       Turns: 7835, Time: 00:08:08

HP:   -6/68 (74)    AC: 10    Str: 17    XL:     9   Next: 28%
MP:   24/24         EV: 12    Int: 10    God:    Lugonu [***...]
Gold: 226           SH:  0    Dex: 12    Spells: 16/16 levels left

rFire   . . .      SeeInvis .   a - +3 hand axe
rCold   . . .      Faith    .   (no shield)
rNeg    . . .      Spirit   .   h - +1 ring mail
rPois   .          Reflect  .   j - +2 helmet
rElec   .          Harm     .   (no cloak)
rCorr   .          Rampage  .   (no gloves)
Will    .....                   (no boots)
Stlth   ++........              (no amulet)
HPRegen 0.21/turn               m - ring of magical power
MPRegen 0.19/turn               (no ring)

@: drained
A: fangs 1, strong nose, distributed training
a: Renounce Religion, Depart the Abyss, Bend Space, Banish


You were on level 6 of the Dungeon.
You worshipped Lugonu.
Lugonu was most pleased with you.
You visited 1 branch of the dungeon, and saw 7 of its levels.
You visited the Abyss 1 time.

You collected 226 gold pieces.

Inventory:

Hand Weapons
 a - a +3 hand axe (weapon)
Missiles
 i - 54 poisoned darts (quivered)
Armour
 h - a +1 ring mail (worn)
 j - a +2 helmet (worn)
Jewellery
 c - a +6 ring of intelligence
 e - a ring of positive energy
 m - a ring of magical power (left hand)
Wands
 n - a wand of iceblast (4)
Scrolls
 g - 3 scrolls of teleportation
 p - a scroll of blinking
 q - a scroll of identify
 r - a scroll of enchant armour
Potions
 d - 2 potions of resistance
 f - a potion of flight
 k - 2 potions of haste
 l - a potion of brilliance


   Skills:
 + Level 7.8 Fighting
 + Level 4.1 Short Blades
 + Level 4.1 Long Blades
 + Level 6.2 Axes
 + Level 4.1 Maces & Flails
 + Level 4.1 Polearms
 + Level 4.1 Staves
 + Level 4.1 Slings
 + Level 4.1 Bows
 + Level 4.1 Crossbows
 + Level 4.1 Throwing
 + Level 6.2 Armour
 + Level 4.9 Dodging
 + Level 4.1 Stealth
 + Level 4.1 Shields
 + Level 4.1 Unarmed Combat
 + Level 4.1 Spellcasting
 + Level 3.3 Conjurations
 + Level 3.3 Hexes
 + Level 3.3 Summonings
 + Level 3.3 Necromancy
 + Level 3.3 Translocations
 + Level 3.3 Transmutations
 + Level 3.3 Fire Magic
 + Level 3.3 Ice Magic
 + Level 3.3 Air Magic
 + Level 3.3 Earth Magic
 + Level 3.3 Poison Magic
 + Level 6.5 Invocations
 + Level 4.1 Evocations


You had 16 spell levels left.
You didn't know any spells.
Your spell library contained the following spells:

 Spells                   Type           Power      Damage    Failure   Level
 Beastly Appendage        Tmut           16%        N/A       11%         1
 Freeze                   Ice            32%        1d5       11%         1
 Magic Dart               Conj           32%        1d4       11%         1
 Searing Ray              Conj           16%        2d5       16%         2
 Sublimation of Blood     Necr           8%         N/A       16%         2
 Wereblood                Tmut           8%         N/A       16%         2
 Frozen Ramparts          Ice            16%        1d3       32%         3
 Spider Form              Tmut/Pois      8%         N/A       32%         3
 Fulminant Prism          Conj/Hex       4%         3d6       71%         4
 Hailstorm                Conj/Ice       8%         3d4       71%         4
 Summon Hydra             Summ           4%         N/A       100%        7


Dungeon Overview and Level Annotations

Branches:
Dungeon (7/15)             Temple (0/1) D:5

Altars:
Gozag
Xom


Innate Abilities, Weirdness & Mutations

You have very sharp teeth.
Your uncanny sense of smell can sniff out nearby items.
Your experience applies equally to all skills.


Message History

You feel drained.
Unknown command.
You closely miss the wight.
The wight is lightly damaged.
The wight barely misses you.
You hit the wight.
The wight is lightly damaged.
The wight closely misses you.
Unknown command.
You barely miss the wight.
The wight is lightly damaged.
The wight hits you with a +0 great sword!
* * * LOW HITPOINT WARNING * * *
Unknown command.
Things that are here:
a +0 shortbow; 30 arrows; a centaur corpse
There is a stone staircase leading up here.
The wight barely misses you.
You climb upwards.
The four-headed hydra bites you!
* * * LOW HITPOINT WARNING * * *
The four-headed hydra bites you.
* * * LOW HITPOINT WARNING * * *
The four-headed hydra bites you.
* * * LOW HITPOINT WARNING * * *
The four-headed hydra barely misses you.
There is a stone staircase leading down, spattered with blood here.
It was a potion of cancellation.
You feel magically purged.
The four-headed hydra bites you but does no damage.
The four-headed hydra misses you.
The four-headed hydra closely misses you.
The four-headed hydra bites you but does no damage.
The wight hits you but does no damage.
It was a potion of heal wounds.
You feel much better. The four-headed hydra bites you!
* * * LOW HITPOINT WARNING * * *
The four-headed hydra bites you.
* * * LOW HITPOINT WARNING * * *
The four-headed hydra closely misses you.
The four-headed hydra bites you!
You die...

...#..###
#.#.#.....# ...
...#..#
)###.#..#...#
... ###'###
#..##[.#....#
....#
#.........#
#####
#####.#[..#.#
#.......##..#
##.......##.##
#.......z##.#
#.......@...#
##........D###
## #..........#
.###
#......>.###
...###
#......###
##...###...####
####...####
###...# ∆
####...#


You could see a four-headed hydra and a wight.

Vanquished Creatures
  Pikel (D:6)
  A shadow (D:5)
  A wyvern (D:6)
  An ice beast (D:7)
  An ogre (D:4)
  A necrophage (D:4)
  2 centaurs
  2 lemures (D:6)
  A kobold brigand (D:6)
  2 scorpions
  A wyvern skeleton (D:6)
  A water moccasin skeleton (D:5)
  2 wights (D:7)
  A bullfrog skeleton (D:6)
  A hound (D:5)
  An orc priest (D:3)
  2 gnoll shamans
  3 iguanas (D:5)
  11 gnolls
  12 adders
  A white imp (D:6)
  An ufetubus (D:6)
  A worm (D:2)
  A dart slug (D:4)
  13 orcs
  7 endoplasms
  3 giant cockroaches
  5 goblins
  4 hobgoblins
  2 jackals (D:3)
  A quokka (D:1)
  8 ball pythons
  4 bats
  6 frilled lizards
  15 kobolds
  5 rats
125 creatures vanquished.

Vanquished Creatures (others)
  6 fungi
  11 plants (D:5)
  12 toadstools (D:2)
29 creatures vanquished.

Grand Total: 154 creatures vanquished

Notes
Turn   | Place    | Note
-------+----------+-------------------------------------------
     0 | Abyss:1  | Gargoyl the Gnoll Abyssal Knight began the quest for the
                  | Orb.
     0 | Abyss:1  | Reached XP level 1. HP: 23/23 MP: 3/3
     1 | Abyss:1  | Found a corrupted altar of Lugonu.
     4 | Abyss:2  | Found a corrupted altar of Lugonu.
    61 | Abyss:2  | Noticed a spatial maelstrom
    64 | D:1      | Escaped the Abyss
   438 | D:1      | Reached XP level 2. HP: 29/29 MP: 5/5
   781 | D:1      | Reached * piety under Lugonu
  1053 | D:2      | Reached XP level 3. HP: 19/35 MP: 6/6
  1396 | D:2      | Reached skill level 1 in Short Blades
  1396 | D:2      | Reached skill level 1 in Long Blades
  1396 | D:2      | Reached skill level 1 in Maces & Flails
  1396 | D:2      | Reached skill level 1 in Polearms
  1396 | D:2      | Reached skill level 1 in Staves
  1396 | D:2      | Reached skill level 1 in Slings
  1396 | D:2      | Reached skill level 1 in Bows
  1396 | D:2      | Reached skill level 1 in Crossbows
  1396 | D:2      | Reached skill level 1 in Throwing
  1396 | D:2      | Reached skill level 1 in Stealth
  1396 | D:2      | Reached skill level 1 in Shields
  1396 | D:2      | Reached skill level 1 in Unarmed Combat
  1396 | D:2      | Reached skill level 1 in Spellcasting
  1396 | D:2      | Reached skill level 1 in Evocations
  1445 | D:2      | Found a faded altar of an unknown god.
  1465 | D:2      | Reached XP level 4. HP: 41/41 MP: 7/7
  2327 | D:3      | Reached skill level 1 in Conjurations
  2327 | D:3      | Reached skill level 1 in Hexes
  2327 | D:3      | Reached skill level 1 in Summonings
  2327 | D:3      | Reached skill level 1 in Necromancy
  2327 | D:3      | Reached skill level 1 in Translocations
  2327 | D:3      | Reached skill level 1 in Transmutations
  2327 | D:3      | Reached skill level 1 in Fire Magic
  2327 | D:3      | Reached skill level 1 in Ice Magic
  2327 | D:3      | Reached skill level 1 in Air Magic
  2327 | D:3      | Reached skill level 1 in Earth Magic
  2327 | D:3      | Reached skill level 1 in Poison Magic
  2557 | D:3      | Reached XP level 5. HP: 25/47 MP: 8/8
  2952 | D:3      | Upgraded the game from 0.28-a0-1241-gf280a0fbb2 to
                  | 0.28-a0-1382-g92835e5c71
  3598 | D:3      | Reached skill level 5 in Invocations
  3643 | D:4      | Reached ** piety under Lugonu
  3644 | D:4      | Reached XP level 6. HP: 21/53 MP: 9/9
  4123 | D:4      | Noticed a necrophage
  4138 | D:4      | Killed a necrophage
  4139 | D:4      | Reached skill level 5 in Axes
  4139 | D:4      | Reached skill level 5 in Armour
  4317 | D:4      | Reached XP level 7. HP: 45/59 MP: 10/10
  4328 | D:4      | Reached skill level 7 in Fighting
  4522 | D:5      | Entered Level 5 of the Dungeon
  4991 | D:5      | Found a staircase to the Ecumenical Temple.
  6097 | D:5      | Reached XP level 8. HP: 41/67 MP: 12/12
  6427 | D:6      | Noticed a shadow
  6454 | D:5      | Killed a shadow
  6816 | D:6      | Found a shimmering altar of Xom.
  6861 | D:6      | Found an opulent altar of Gozag.
  7286 | D:6      | Noticed a wyvern
  7293 | D:6      | Killed a wyvern
  7304 | D:6      | Noticed Pikel
  7322 | D:6      | Killed Pikel
  7323 | D:6      | Reached XP level 9. HP: 39/73 MP: 14/14
  7595 | D:6      | Noticed a four-headed hydra
  7795 | D:7      | Reached *** piety under Lugonu
  7833 | D:6      | HP: 1/68 [four-headed hydra (4)]
  7835 | D:6      | Mangled by a four-headed hydra

Illustrated notes

Levels and vault maps discovered:
D:1:      dpeg_arrival_radiant, layout_basic, item_on_display_a
D:2:      cheibrodos_fertilizer, layout_loops_cross,
          nicolae_ecumenical_lake_church, minmay_cut_off
D:3:      layout_rooms, grunt_decor_clamped, grunt_decor_junction
D:4:      layout_cave_pools
D:5:      layout_loops_cross, minmay_temple_entry_offerings, serial_glass,
          glass_columns_c, glass_columns_b, serial_bayou_crossing
D:6:      layout_cave_pods, mainiacjoe_overflow_tiny_flanked,
          mainiacjoe_overflow_alcove_4, mainiacjoe_overflow_24_doors,
          minmay_increasing_density, uniq_pikel
D:7:      layout_loops_ring, mainiacjoe_overflow_concentric_impassable,
          zin_statuary, general_overflow_altar, mainiacjoe_overflow_catwalk,
          uniq_duvessa, uniq_joseph

Skill      XL: |  1  2  3  4  5  6  7  8  9 |
---------------+----------------------------+-----
Short Blades   | 1 2 3 4 |  4.1
Long Blades    | 1 2 3 4 |  4.1
Maces & Flails | 1 2 3 4 |  4.1
Polearms       | 1 2 3 4 |  4.1
Staves         | 1 2 3 4 |  4.1
Slings         | 1 2 3 4 |  4.1
Bows           | 1 2 3 4 |  4.1
Crossbows      | 1 2 3 4 |  4.1
Throwing       | 1 2 3 4 |  4.1
Stealth        | 1 2 3 4 |  4.1
Shields        | 1 2 3 4 |  4.1
Unarmed Combat | 1 2 3 4 |  4.1
Spellcasting   | 1 2 3 4 |  4.1
Evocations     | 1 2 3 4 |  4.1
Conjurations   | 1 2 3 |  3.3
Hexes          | 1 2 3 |  3.3
Summonings     | 1 2 3 |  3.3
Necromancy     | 1 2 3 |  3.3
Translocations | 1 2 3 |  3.3
Transmutations | 1 2 3 |  3.3
Fire Magic     | 1 2 3 |  3.3
Ice Magic      | 1 2 3 |  3.3
Air Magic      | 1 2 3 |  3.3
Earth Magic    | 1 2 3 |  3.3
Poison Magic   | 1 2 3 |  3.3
Dodging        | 3 4 |  4.9
Invocations    | 5 6 |  6.5
Axes           | 5 6 |  6.2
Armour         | 5 6 |  6.2
Fighting       | 7 |  7.8

Action                   |  1- 3 |  4- 6 |  7- 9 || total
-------------------------+-------+-------+-------++-------
Melee: Hand axe          |    72 |   176 |   275 ||   523
       Bite              |     6 |    17 |    27 ||    50
       Punch             |       |     1 |     3 ||     4
Throw: Dart              |       |     3 |     7 ||    10
Invok: Depart the Abyss  |     1 |       |       ||     1
  Use: Scroll            |     1 |    12 |     2 ||    15
       Potion            |     1 |       |     3 ||     4
 Stab: Sleeping          |     1 |       |       ||     1
Armor: Leather armour    |    14 |       |       ||    14
       Ring mail         |    15 |    76 |   126 ||   217
       Skin              |       |       |    17 ||    17
Dodge: Dodged            |    46 |   126 |   180 ||   352

Table legend: (Time is in decaauts)
 A = Elapsed time spent in this place.
 B = Non-inter-level travel time spent in this place.
 C = Inter-level travel time spent in this place.
 D = Time resting spent in this place.
 E = Time spent auto-exploring this place.
 F = Levels seen in this place.
 G = Mean time per level.
                   A        B        C        D        E       F      G
               +--------+--------+--------+--------+--------+-----+--------+
         Total |   7874 |   7806 |     68 |   1490 |   4952 |   9 |  874.9 |
       Dungeon |   7810 |   7742 |     68 |   1490 |   4900 |   7 | 1115.7 |
         Abyss |     63 |     63 |      0 |      0 |     52 |   2 |   31.5 |
               +--------+--------+--------+--------+--------+-----+--------+

Top non-repeatable levels by time:
     D:5: 1853 daAuts
     D:3: 1622 daAuts
     D:6: 1270 daAuts
     D:1: 1135 daAuts
     D:2: 920 daAuts
     D:4: 800 daAuts
     D:7: 208 daAuts
 Abyss:2: 59 daAuts
 Abyss:1: 4 daAuts
